 Seeded DCSS version 0.29.1-2-gbd0b4ee654 (webtiles) character file.

Game seed: 1 (custom seed)

7615 Kazon the Carver (level 10, -12/88 (90) HPs)
             Began as a Minotaur Berserker on Nov 21, 2022.
             Was an Elder of Trog.
             Mangled by an eidolon (13 damage)
             ... on level 3 of the Abyss on Nov 22, 2022.
             The game lasted 00:43:35 (8103 turns).

Kazon the Carver (Minotaur Berserker)               Turns: 8103, Time: 00:43:36

HP:   -12/88 (90)   AC:  8    Str: 23      XL:     10   Next: 98%
MP:   9/9           EV: 13    Int:  5 (6)  God:    Trog [****..]
Gold: 415           SH:  4    Dex: 11      Spells: 9/9 levels left

rFire   . . .      SeeInvis .   v - +3 falchion of Winter {venom, rCorr}
rCold   + . .      Faith    .   c - +0 buckler
rNeg    + . .      Spirit   .   O - +0 troll leather armour
rPois   .          Reflect  .   (helmet restricted)
rElec   .          Harm     .   (no cloak)
rCorr   +          Rampage  .   (no gloves)
Will    ++...                   k - +2 pair of boots
Stlth   +++.......              d - amulet of the acrobat
HPRegen 2.04/turn               q - ring of positive energy
MPRegen 0.11/turn               D - ring of protection from cold

@: afraid, strong-willed, on berserk cooldown, regenerating, slowed, lightly
drained, very slow
A: horns 2, retaliatory headbutt
a: Renounce Religion, Berserk, Trog's Hand, Brothers in Arms


You were on level 3 of the Abyss.
You worshipped Trog.
Trog was greatly pleased with you.
You visited 1 branch of the dungeon, and saw 10 of its levels.
You visited the Abyss 1 time.

You collected 641 gold pieces.
You spent 226 gold pieces at shops.

Inventory:

Hand Weapons
 e - the +4 quick blade of the Changing Gods {vorpal, Int+3}
   (You acquired it on level 1 of the Dungeon)

   It inflicts extra damage upon your enemies.
   Int:       It affects your intelligence (+3).
 r - a +1 long sword of protection
 v - the +3 falchion of Winter (weapon) {venom, rCorr}
   (You bought it in a shop on level 3 of the Dungeon)

   It poisons the flesh of those it strikes.
   rCorr:     It protects you from acid and corrosion.
Missiles
 h - 40 stones (quivered)
 m - 13 boomerangs
 n - a throwing net
 E - 3 curare-tipped darts
 G - 12 poisoned darts
Armour
 c - a +0 buckler (worn)
 k - a +2 pair of boots (worn)
 B - a +3 leather armour of cold resistance
 O - a +0 troll leather armour (worn)
Jewellery
 d - an amulet of the acrobat (around neck)
 q - a ring of positive energy (left hand)
 D - a ring of protection from cold (right hand)
 L - a ring of protection from cold
Wands
 A - a wand of flame (12)
 C - a wand of mindburst (20)
 I - a wand of paralysis (15)
 J - a wand of roots (6)
Scrolls
 i - 2 scrolls of identify
 l - 2 scrolls of immolation {unknown}
 o - 3 scrolls of fog {unknown}
 p - a scroll of poison {unknown}
 s - 3 scrolls of teleportation
 u - a scroll of magic mapping
 w - 2 scrolls of noise {unknown}
 z - 2 scrolls of enchant weapon {unknown}
 H - 3 scrolls of fear
 K - a scroll of summoning
 N - a scroll of amnesia {unknown}
Potions
 a - a potion of ambrosia
 b - 2 potions of cancellation
 f - 3 potions of flight
 g - a potion of might
 j - 4 potions of berserk rage
 t - 5 potions of lignification
 x - 2 potions of magic
 y - 2 potions of haste
 F - 2 potions of curing
Miscellaneous
 M - a condenser vane


   Skills:
 + Level 8.8 Fighting
 + Level 6.8(9.1) Short Blades
 + Level 10.2(11.3) Long Blades
 + Level 6.2 Throwing
 + Level 6.9 Armour
 + Level 7.4 Dodging
 + Level 6.1 Stealth
 + Level 1.7 Shields
 * Level 2.8 Evocations


You had 9 spell levels left.
You didn't know any spells.
Your spell library was empty.

Dungeon Overview and Level Annotations

Branches:
Dungeon (10/15)            Temple (0/1) D:7            Lair (0/5) D:10
    Orc: D:9-12

Altars:
Elyvilon
Hepliaklqana
Uskayaw

Shops:
D:3 (   D:8 ?(==

Annotations:
D:10 Erolcha


Innate Abilities, Weirdness & Mutations

You have a pair of horns on your head.
You reflexively headbutt those who attack you in melee.


Message History

You are no longer berserk.
You are exhausted.
You feel as though you will be slow longer.
The smoke demon completely misses you. You block the smoke demon's attack.
The smoke demon hits you but does no damage.
The eidolon barely misses you. The eidolon hits you.
You feel dopey.
You hit the eidolon but do no damage.
The eidolon is almost destroyed.
You block the eidolon's attack. The eidolon hits you.
The smoke demon hits you. x2
The smoke demon hits you but does no damage.
You attempt to attack the eidolon, but flinch away in fear!
The smoke demon closely misses you. x2; The smoke demon barely misses you.
The eidolon hits you!
* * * LOW HITPOINT WARNING * * *
The eidolon drains your vigour!
You feel as though you will be slow longer.
The eidolon hits you but does no damage.
You hit the eidolon but do no damage.
You headbutt the eidolon, but do no damage.
The eidolon is severely damaged.
You block the smoke demon's attack. The smoke demon hits you.
* * * LOW HITPOINT WARNING * * *
The smoke demon hits you but does no damage.
The eidolon misses you. You block the eidolon's attack.
Your skin crawls.
You feel strong-willed. The smoke demon gestures at you.
The ball of steam hits you.
* * * LOW HITPOINT WARNING * * *
The eidolon hits you!
* * * LOW HITPOINT WARNING * * *
The eidolon drains your vigour!
You feel as though you will be slow longer.
The eidolon closely misses you. The eidolon hits you.
* * * LOW HITPOINT WARNING * * *
The eidolon drains your vigour!
You feel as though you will be slow longer.
The eidolon hits you!
You die...

. ....#.### ..
#..#### . #..#.
.. ##.##. .#.
#.. . ..# #.#.
#.## .
#.#.####.#
.####.#... .. .
# # .. ..
.#..#.# ... .
#.
#....##.......
.. . # .....#.
.... .
####..#.... .#.
.. . #.3@ยง#..
... ##....
#..W.#.........
.. .>..#...# .
. .
#..##...#.....
##. ### ..#
....#.... ..
.... #
###....... .##
. ....#.# . ..
. ...#...# . #
. ..


You could see an eidolon (scary) and a smoke demon.

Vanquished Creatures
  A two-headed ogre (D:9)
  Maggie (D:6)
  A troll (D:10)
  Prince Ribbit (D:9)
  A shadow (D:9)
  A vampire (D:10)
  A yak (D:6)
  2 wyverns
  Eustachio (D:5)
  2 steam dragons
  Menkaure (D:5)
  Edmund (D:6)
  An acid dragon (D:10)
  4 water moccasins
  4 orc warriors
  An ice beast (D:8)
  5 sky beasts
  2 black bears (D:6)
  4 centaurs
  An ogre (D:6)
  A wolf (D:10)
  2 phantoms (D:6)
  2 kobold brigands
  3 necrophages
  A bullfrog (D:7)
  A gnoll sergeant (D:7)
  5 scorpions
  14 wights
  A howler monkey (D:5)
  2 jellies (D:6)
  3 hounds
  7 orc priests
  A gnoll bouda (D:7)
  6 iguanas
  2 orc wizards (D:9)
  Robin (D:3)
  15 gnolls
  13 adders
  3 shadow imps
  2 white imps (D:7)
  An ufetubus (D:5)
  3 worms
  34 orcs
  11 endoplasms
  A giant cockroach (D:1)
  16 goblins
  9 hobgoblins
  A jackal (D:4)
  17 kobolds
  A quokka (D:1)
  5 ball pythons
  4 bats
  3 frilled lizards
  6 rats
233 creatures vanquished.

Vanquished Creatures (others)
  A quokka (D:7)
1 creature vanquished.

Grand Total: 234 creatures vanquished

Notes
Turn   | Place    | Note
-------+----------+-------------------------------------------
     0 | D:1      | Kazon the Minotaur Berserker began the quest for the Orb.
     0 | D:1      | Reached XP level 1. HP: 19/19 MP: 0/0
    34 | D:1      | Identified a scroll of acquirement
    34 | D:1      | Acquired the +4 quick blade of the Changing Gods {vorpal,
                  | Int+3}
   193 | D:1      | Reached XP level 2. HP: 19/27 MP: 1/1
   279 | D:1      | Reached skill level 4 in Long Blades
   903 | D:2      | Reached XP level 3. HP: 34/34 MP: 2/2
   907 | D:2      | Reached ** piety under Trog
  1232 | D:2      | Reached XP level 4. HP: 29/41 MP: 3/3
  1463 | D:3      | Reached skill level 1 in Throwing
  1494 | D:3      | Noticed Robin
  1504 | D:3      | Reached skill level 1 in Short Blades
  1513 | D:3      | Killed Robin
  1514 | D:3      | Reached XP level 5. HP: 37/47 MP: 4/4
  1557 | D:3      | Found Umat's Antique Weapon Boutique.
  1582 | D:3      | Bought a crude falchion for 184 gold pieces
  1582 | D:3      | Identified the +3 falchion of Winter {venom, rCorr} (You
                  | bought it in a shop on level 3 of the Dungeon)
  1609 | D:3      | Reached skill level 5 in Fighting
  1957 | D:3      | Reached skill level 5 in Short Blades
  1957 | D:3      | Reached skill level 7 in Long Blades
  1957 | D:3      | Reached skill level 5 in Dodging
  1957 | D:3      | Reached XP level 6. HP: 60/60 MP: 5/5
  2452 | D:4      | Reached *** piety under Trog
  2481 | D:4      | Found a hazy altar of Hepliaklqana.
  2583 | D:4      | Reached XP level 7. HP: 66/66 MP: 6/6
  3019 | D:5      | Entered Level 5 of the Dungeon
  3107 | D:5      | Noticed Menkaure
  3119 | D:5      | Killed Menkaure
  3124 | D:5      | Reached XP level 8. HP: 60/73 MP: 7/7
  3280 | D:5      | Noticed Eustachio
  3314 | D:5      | Killed Eustachio
  3386 | D:5      | Reached skill level 5 in Stealth
  3908 | D:6      | Reached skill level 5 in Throwing
  3946 | D:6      | Noticed Maggie
  3965 | D:6      | Killed Maggie
  3966 | D:6      | Reached XP level 9. HP: 52/81 MP: 8/8
  4118 | D:6      | Reached skill level 8 in Long Blades
  4253 | D:6      | Reached **** piety under Trog
  4702 | D:6      | Reached skill level 9 in Long Blades
  4883 | D:6      | Noticed Edmund
  4899 | D:6      | Killed Edmund
  5061 | D:6      | Reached skill level 1 in Shields
  5244 | D:7      | Reached XP level 10. HP: 77/88 MP: 9/9
  5344 | D:7      | Found a hide-covered altar of Uskayaw.
  5367 | D:7      | Reached ***** piety under Trog
  5385 | D:7      | Found a staircase to the Ecumenical Temple.
  5595 | D:7      | Found a white marble altar of Elyvilon.
  5843 | D:8      | Found Quzidd's Magic Scroll Emporium.
  5867 | D:8      | Bought a scroll of teleportation for 42 gold pieces
  6014 | D:8      | Found Esumer's Weapon Shop.
  6031 | D:8      | Received a gift from Trog
  6288 | D:8      | Reached skill level 10 in Long Blades
  6524 | D:8      | Reached skill level 1 in Evocations
  6574 | D:8      | Found Heidghoki's Jewellery Shop.
  6680 | D:8      | Found Zoxtaeshakh's Jewellery Boutique.
  7393 | D:9      | Noticed Prince Ribbit
  7403 | D:9      | Killed Prince Ribbit
  7696 | D:9      | Noticed a two-headed ogre
  7706 | D:9      | Killed a two-headed ogre
  7751 | D:10     | Entered Level 10 of the Dungeon
  7945 | D:10     | Found a staircase to the Lair.
  8005 | D:10     | Noticed Erolcha
  8013 | Abyss:1  | Cast into level 1 of the Abyss (Erolcha)
  8085 | Abyss:3  | Noticed an eidolon
  8087 | Abyss:3  | Noticed a smoke demon
  8103 | Abyss:3  | HP: 1/88 [eidolon (6)]
  8103 | Abyss:3  | Mangled by an eidolon

Illustrated notes

Levels and vault maps discovered:
D:1:      dpeg_arrival_three_smaller_balls, layout_basic
D:2:      layout_loops_ring
D:3:      layout_basic, serial_shops, nicolae_shop_stone, st_stairs_9,
          minmay_misc_feat_doors, eino_curves_03, uniq_robin
D:4:      minmay_wonky_spiral, layout_basic,
          mainiacjoe_overflow_surrounded_room, minivault_5
D:5:      layout_cave_pods, uniq_menkaure, uniq_eustachio
D:6:      cheibrodos_barr_body, layout_basic, minmay_crystal_room,
          minmay_pentangle, uniq_maggie, uniq_edmund
D:7:      layout_cave_pools, nicolae_uskayaw_murder_on_the_dancefloor,
          elyvilon_altar_4, minmay_temple_entry_purple_smoke
D:8:      layout_basic, serial_shops, shop_statue, kennysheep_little_box, shop,
          nicolae_shop_window_shopping
D:9:      layout_cave_pools, uniq_prince_ribbit1
D:10:     layout_stronghold, erik_lair_island, serial_shops,
          nicolae_shop_statue_plus, uniq_erolcha
Abyss:3:  base: Temple, evilmike_abyss_rune_tso_outpost,
          hangedman_abyss_or_decor_stabs

Skill      XL: |  1  2  3  4  5  6  7  8  9 10 |
---------------+-------------------------------+-----
Fighting       | 4 7 8 |  8.8
Long Blades    | 4 7 9 10 | 10.2
Throwing       | 1 4 5 6 |  6.2
Short Blades   | 1 5 6 |  6.8
Armour         | 6 |  6.9
Dodging        | 5 6 7 |  7.4
Stealth        | 3 4 5 6 |  6.1
Shields        | 1 |  1.7
Evocations     | 2 |  2.8

Action                   |  1- 3 |  4- 6 |  7- 9 | 10-12 || total
-------------------------+-------+-------+-------+-------++-------
Melee: Quick blade       |    80 |    82 |    44 |    98 ||   304
       Headbutt          |     3 |    11 |    63 |    61 ||   138
       Punch             |       |     3 |       |       ||     3
       Falchion          |       |       |   240 |   181 ||   421
Throw: Stone             |     3 |    18 |    15 |    45 ||    81
       Boomerang         |       |       |     7 |       ||     7
       Dart              |       |       |     9 |     5 ||    14
Invok: Trog's Hand       |       |       |     1 |     4 ||     5
       Berserk           |       |       |     1 |     4 ||     5
Evoke: Wand              |       |       |       |     1 ||     1
  Use: Scroll            |     1 |     1 |     9 |     3 ||    14
       Potion            |       |     1 |     2 |       ||     3
 Stab: Sleeping          |       |     4 |     6 |     2 ||    12
       Paralysed         |       |       |       |     3 ||     3
       Distracted        |       |       |       |     1 ||     1
Armor: Animal skin       |     2 |     9 |     5 |       ||    16
       Leather armour    |       |       |    63 |    36 ||    99
       Troll leather arm |       |       |       |     8 ||     8
Dodge: Dodged            |    34 |    37 |   137 |   114 ||   322
Block: Buckler           |       |       |    18 |    30 ||    48
